 Dungeon Crawl Stone Soup version 0.19.5 (webtiles) character file.

2963 lauthentik the Reanimator (level 9, -8/73 HPs)
             Began as a Deep Dwarf Necromancer on Apr 18, 2017.
             Was a Follower of Ashenzari.
             Killed by divine providence
             ... invoked by an orc priest
              (14 damage)
             ... on level 8 of the Dungeon.
             The game lasted 00:35:05 (6754 turns).

lauthentik the Reanimator (Deep Dwarf Necromancer)  Turns: 6754, Time: 00:35:06

Health: -8/73      AC:  5    Str: 12    XL:     9   Next: 52%
Magic:  6/19       EV: 15    Int: 19    God:    Ashenzari [*.....]
Gold:   441        SH:  0    Dex: 15    Spells: 3 memorised, 14 levels left

rFire  . . .     SeeInvis .     j - +1 whip (drain) (curse)
rCold  . . .     Gourm    .     a - +0 robe
rNeg   . . .     Faith    .     (no shield)
rPois  .         Spirit   .     (no helmet)
rElec  .         Reflect  .     (no cloak)
rCorr  .         Harm     .     y - +2 pair of gloves (curse)
MR     ++...                    (no boots)
Stlth  ++........               (no amulet)
                                E - ring of protection from magic (curse)
                                D - +2 ring of dexterity

@: non-regenerating
A: damage resistance, recharge devices, sense surroundings 2, slow regeneration
3
a: Device Recharging, Curse Item, Scrying, Renounce Religion


You were on level 8 of the Dungeon.
You worshipped Ashenzari.
Ashenzari was aware of your devotion.
You were hungry.

You visited 1 branch of the dungeon, and saw 8 of its levels.

You collected 441 gold pieces.

Inventory:

Hand Weapons
 h - a +0 club
 j - a cursed +1 whip of draining (weapon)
 J - a +1 vampiric short sword
Armour
 a - a +0 robe (worn)
 y - a cursed +2 pair of gloves (worn)
 I - the +2 pair of gloves "Nuet" {*Contam Str+6 Stlth+}
   (You found it on level 7 of the Dungeon)

   It affects your strength (+6).
   It causes magical contamination when unequipped.
   It makes you more stealthy.
Magical Staves
 H - an uncursed staff of wizardry
Jewellery
 D - a +2 ring of dexterity (left hand)
 E - a cursed ring of protection from magic (right hand)
Wands
 c - a wand of heal wounds (3/9)
 B - a wand of iceblast (9/15)
 G - a wand of hasting (4/9)
Scrolls
 f - 2 scrolls of noise
 g - 6 scrolls of teleportation
 i - 3 scrolls of amnesia {unknown}
 k - 2 scrolls of fear {unknown}
 l - a scroll of blinking {unknown}
 m - 3 scrolls of enchant armour {unknown}
 o - 2 scrolls of enchant weapon {unknown}
 s - a scroll of random uselessness {unknown}
 t - 3 scrolls of identify
Potions
 e - 2 potions of berserk rage {unknown}
 n - 3 potions of lignification {unknown}
 p - a potion of invisibility {unknown}
 q - 3 potions of ambrosia
 u - 3 potions of might
 w - a potion of heal wounds
 x - a potion of degeneration {unknown}
 A - a potion of brilliance {unknown}
 C - a potion of flight {unknown}
 F - a potion of mutation {unknown}
Books
 b - a book of Necromancy

   Spells                             Type                      Level
   a - Pain                           Necromancy                   1
   b - Animate Skeleton               Necromancy                   1
   c - Vampiric Draining              Necromancy                   3
   d - Regeneration                   Charms/Necromancy            3
   e - Animate Dead                   Necromancy                   4
   f - Control Undead                 Necromancy                   4
Comestibles
 d - 6 bread rations
 r - 5 meat rations
 v - a beef jerky


   Skills:
 + Level 2.0 Fighting
 + Level 4.2 Maces & Flails
 + Level 5.2 Dodging
 + Level 3.3 Stealth
 + Level 7.0 Spellcasting
 + Level 9.7 Necromancy


You had 14 spell levels left.
You knew the following spells:

 Your Spells              Type           Power        Failure   Level  Hunger
a - Pain                  Necr           ####         1%          1    None
b - Vampiric Draining     Necr           #####.....   1%          3    #......
c - Control Undead        Necr           #####.....   1%          4    ###....


Dungeon Overview and Level Annotations

Branches:
Dungeon (8/15)             Temple (0/1) D:6            Lair (0/6) D:8

Altars:
Ashenzari
Dithmenos
Gozag
Makhleb
Okawaru
Sif Muna
Trog
Yredelemnul

Shops:
D:4 (   D:5 (   D:7 ?


Innate Abilities, Weirdness & Mutations

You are resistant to damage.
You can recharge devices by infusing magical energy.
You passively map the area around you.
You do not regenerate.


Message History

You hit the crimson imp.
The crimson imp is almost dead.
The orc hits something.
The orc hits something but does no damage.
Something hits the fungus. x2; The crimson imp misses you.
The orc priest mumbles some strange prayers to Beogh against you.
Beogh smites you!
* * * LOW HITPOINT WARNING * * *
You closely miss the crimson imp.
The crimson imp is almost dead.
The orc hits something but does no damage.
The crocodile bites the fungus!
The orc wizard casts a spell.
The orc wizard seems to speed up.
The orc hits something.
The orc wizard hits the fungus with a dagger.
Something hits the fungus.
Something hits the fungus but does no damage.
The orc priest mumbles some strange prayers to Beogh against you.
Beogh smites you!
You die...

#.#..P.P...P...#
#.#...PP.......##
#......P...PPP..#
.......####...P.#
...PP..#>
#..P..## ,,.P.
#...P..# ,
*+#..PP..# ,,
..P..P.P.# *
..P...P#@# * ,


..PtPoo5h# ,,.P.ooo#.## ....#... ,, ...#.## * , ,,h. #.** * *,, , ., , ,, , .# *
, , , You could see a crocodile, a hound, an orc priest, 2 orc wizards, a
crimson imp and 2 orcs.

Vanquished Creatures
  Joseph (D:7)
  Prince Ribbit (D:7)
  3 yaks
  Duvessa (D:4)
  An orc warrior (D:6)
  2 ogres
  A centaur (D:6)
  2 bullfrogs
  A water moccasin zombie (D:5)
  2 jellies
  Dowan (D:4)
  A scorpion (D:7)
  4 killer bees (D:7)
  A centaur zombie (D:6)
  4 crimson imps
  3 hounds
  3 orc priests
  7 orc wizards
  An iguana (D:6)
  Natasha (thrice) (D:4)
  6 worker ants
  5 adders
  A gnoll (D:1)
  2 river rats (D:8)
  An ooze (D:2)
  An adder zombie (D:8)
  3 adder skeletons
  2 worms
  3 dart slugs
  2 leopard geckos
  22 orcs
  2 ball pythons
  11 bats
  3 giant cockroaches
  2 gnoll zombies (D:3)
  11 goblins
  8 hobgoblins
  8 jackals
  9 kobolds
  A quokka (D:2)
  7 frilled lizards
  A giant cockroach zombie (D:5)
  13 rats
167 creatures vanquished.

Vanquished Creatures (others)
  2 fungi (D:8)
2 creatures vanquished.

Grand Total: 169 creatures vanquished

Notes
Turn   | Place    | Note
-------+----------+-------------------------------------------
     0 | D:1      | lauthentik the Deep Dwarf Necromancer began the quest for the Orb.
     0 | D:1      | Reached XP level 1. HP: 15/15 MP: 3/3
   234 | D:1      | Reached XP level 2. HP: 16/22 MP: 2/4
   490 | D:1      | Reached XP level 3. HP: 14/28 MP: 3/6
   494 | D:1      | Reached skill level 5 in Necromancy
   611 | D:1      | Learned a level 3 spell: Vampiric Draining
  1473 | D:2      | Reached XP level 4. HP: 33/36 MP: 3/7
  1979 | D:3      | Found a shadowy altar of Dithmenos.
  2130 | D:3      | Reached skill level 1 in Maces & Flails
  2153 | D:3      | Reached XP level 5. HP: 40/42 MP: 3/9
  2216 | D:3      | Found a basalt altar of Yredelemnul.
  2445 | D:4      | Found Ejaisu Wesi's Antique Weapon Shop.
  2449 | D:4      | Noticed Natasha
  2455 | D:4      | Killed Natasha
  2517 | D:4      | Reached skill level 6 in Necromancy
  2670 | D:4      | Found a bloodstained altar of Trog.
  2690 | D:4      | Reached XP level 6. HP: 47/49 MP: 1/11
  2817 | D:4      | Noticed Natasha
  2824 | D:4      | Killed Natasha
  3088 | D:4      | Found a shattered altar of Ashenzari.
  3372 | D:4      | Noticed Natasha
  3381 | D:4      | Killed Natasha
  3438 | D:4      | Became a worshipper of Ashenzari the Shackled
  3463 | D:4      | Noticed Duvessa
  3463 | D:4      | Noticed Dowan
  3492 | D:4      | Killed Duvessa
  3497 | D:4      | Killed Dowan
  3497 | D:4      | Reached XP level 7. HP: 24/56 MP: 3/13
  3518 | D:4      | Found a deep blue altar of Sif Muna.
  3692 | D:5      | Entered Level 5 of the Dungeon
  3908 | D:5      | Reached skill level 7 in Necromancy
  3957 | D:5      | Found Uniblaem's Weapon Shop.
  4087 | D:5      | Learned a level 4 spell: Control Undead
  4106 | D:5      | Found an opulent altar of Gozag.
  4201 | D:5      | Reached skill level 5 in Spellcasting
  4441 | D:6      | Found an iron altar of Okawaru.
  4598 | D:6      | Reached XP level 8. HP: 45/63 MP: 2/16
  4599 | D:6      | Reached skill level 1 in Fighting
  4904 | D:6      | Found a shattered altar of Ashenzari.
  5036 | D:6      | Reached * piety under Ashenzari
  5203 | D:6      | Found a staircase to the Ecumenical Temple.
  5398 | D:7      | Noticed Joseph
  5418 | D:7      | Killed Joseph
  5418 | D:7      | Reached skill level 8 in Necromancy
  5503 | D:7      | Gained mutation: You passively map the area around you. [Deep Dwarf growth]
  5503 | D:7      | Reached XP level 9. HP: 18/73 MP: 0/18
  5620 | D:7      | Found Egid's Magic Scroll Shop.
  5627 | D:7      | Identified the +2 pair of gloves "Nuet" {*Contam Str+6 Stlth+}
  6144 | D:8      | Noticed Prince Ribbit
  6184 | D:8      | Found a burning altar of Makhleb.
  6184 | D:8      | Noticed a cyclops
  6305 | D:7      | Killed Prince Ribbit
  6305 | D:7      | Reached skill level 9 in Necromancy
  6641 | D:8      | Reached skill level 5 in Dodging
  6754 | D:8      | Killed from afar by an orc priest

Skill      XL: |  1  2  3  4  5  6  7  8  9 |
---------------+----------------------------+-----
Spellcasting   | 2 3 4 5 6 7 |  7.0
Necromancy     | 5 6 7 8 9 |  9.7
Maces & Flails | 1 2 3 4 |  4.2
Dodging        | 3 4 5 |  5.2
Fighting       | 1 2 |  2.0
Stealth        | 3 |  3.3

Action                   |  1- 3 |  4- 6 |  7- 9 || total
-------------------------+-------+-------+-------++-------
Melee: Unarmed           |     4 |       |       ||     4
       Club              |     7 |       |       ||     7
       Whip              |    19 |    59 |   506 ||   584
 Cast: Pain              |    62 |    63 |    75 ||   200
       Vampiric Draining |     8 |    10 |    79 ||    97
       Control Undead    |       |       |     1 ||     1
Invok: Curse Item        |       |       |     3 ||     3
Evoke: Wand              |       |       |     2 ||     2
  Use: Scroll            |       |       |     7 ||     7
       Potion            |       |       |     1 ||     1
 Stab: Sleeping          |     1 |     2 |       ||     3
  Eat: Chunk             |     3 |     6 |    13 ||    22
       Beef jerky        |       |       |     2 ||     2
Armor: Robe              |     8 |    14 |   137 ||   159
Dodge: Dodged            |    38 |    45 |   465 ||   548
